Map: Ley Lines LC

Players

Cybertron - Winner!

  • Race: Terran Terran

BabySwiss

  • Race: Zerg Zerg
  • League: Gold

VOD

Have the link to the VOD?

Description

Time

  • Played on: Nov. 4, 2024, 7:29 p.m.
  • Length: 13:52
Show
View Real Time Build Order
Export as new Build Order

Cybertron Terran - Winner!

Build Orders: Hellion Opening, Reaper Expand, Mech 

Get SALT Encoding   

  12  0:00  SCV  
  13  0:12  SCV  
  14  0:16  Supply Depot  
  14  0:24  SCV  
  15  0:38  SCV  
  15  0:39  Barracks  
  16  0:44  Refinery  
  16  0:50  SCV  
  17  1:02  SCV  
  18  1:14  SCV  
  19  1:27  Orbital Command  
  19  1:29  Reaper  
  20  1:41  Command Center  
  20  1:50  Supply Depot  
  20  1:52  SCV  
  21  2:00  Marine  
  22  2:05  SCV  
  22  2:08  Factory  
  23  2:13  Refinery  
  23  2:17  SCV  
  24  2:23  Barracks Reactor  
  24  2:29  SCV  
  25  2:41  SCV  
  26  2:53  SCV  
  26  2:55  Orbital Command  
  27  3:00  Starport  
  27  3:06  SCV  
  27  3:07  Barracks Tech Lab  
  27  3:09  Hellion x2  
  32  3:15  Supply Depot  
  32  3:18  SCV  
  33  3:24  SCV  
  34  3:29  Marauder  
  34  3:30  SCV  
  34  3:31  Hellion  
  41  3:34  Hellion  
  41  3:38  Supply Depot  
  41  3:40  SCV  
  42  3:50  SCV  
  42  3:52  SCV  
  44  3:58  Hellion x2  
  44  4:02  SCV  
  49  4:04  SCV  
  49  4:07  Marauder  
  52  4:14  SCV  
  52  4:15  Medivac  
  52  4:16  SCV  
  56  4:18  Concussive Shells  
  56  4:19  Hellion x2  
  56  4:20  Supply Depot  
  60  4:27  Armory  
  60  4:29  SCV x2  
  62  4:36  Supply Depot  
  62  4:41  SCV x2  
  64  4:47  Refinery  
  64  4:48  Marauder  
  64  4:49  Supply Depot, Refinery  
  66  4:53  SCV x2  
  66  4:54  Hellion  
  66  4:55  Starport Tech Lab  
  66  4:58  Hellion  
  72  5:02  Supply Depot  
  72  5:05  SCV x2  
  74  5:13  Marauder  
  76  5:24  Cloaking Field, Hellion x2, Banshee  
  76  5:28  Factory  
  83  5:31  Factory  
  83  5:48  Hellion x2  
  83  5:49  Marauder  
  89  5:51  SCV x2  
  89  5:57  Command Center  
  91  6:03  SCV x2  
  87  6:15  SCV  
  84  6:21  Hellion x2  
  84  6:22  Marauder, Banshee  
  84  6:24  Factory Tech Lab  
  93  6:26  Factory Reactor  
  93  6:27  SCV  
  93  6:28  SCV  
  86  6:46  Hellion x2, Siege Tank  
  91  7:11  Hellion  
  91  7:12  Hellion, Banshee  
  98  7:17  Mag-Field Accelerator  
  94  7:27  Cyclone  
  94  7:29  Factory Tech Lab, Terran Vehicle And Ship Armor Level 1  
  97  7:33  Factory  
  97  7:34  Hellion x2  
  97  7:35  Factory, SCV x2  
  103  7:37  Orbital Command  
  103  7:46  Marauder  
  103  7:47  SCV x2  
  107  7:56  Supply Depot  
  107  7:57  Supply Depot  
  107  7:59  SCV x2  
  109  8:09  Supply Depot  
  109  8:10  Supply Depot  
  109  8:12  SCV  
  108  8:15  Hellion  
  108  8:17  Hellion  
  108  8:18  Siege Tank, Cyclone, Banshee  
  115  8:25  Marauder, Factory Tech Lab  
  115  8:26  Factory Reactor  
  117  8:28  SCV x2  
  117  8:30  SCV  
  117  8:40  SCV x2, Command Center  
  119  8:42  Command Center, SCV  
  119  8:43  Supply Depot  
  119  8:45  Supply Depot  
  120  8:50  Cyclone, Infernal Pre-Igniter  
  120  8:52  Smart Servos, SCV  
  120  8:54  Hellion x2  
  128  8:56  Refinery  
  128  8:58  Siege Tank, Cyclone  
  128  9:00  Refinery  
  134  9:12  Engineering Bay  
  134  9:22  Cyclone  
  135  9:24  Hyperflight Rotors  
  135  9:26  Hellion x4  
  135  9:30  Cyclone x2, Terran Vehicle And Ship Armor Level 2  
  149  9:33  SCV x2  
  151  9:54  Cyclone  
  151  9:55  Hellion x4  
  154  10:09  Siege Tank  
  154  10:10  Siege Tank, Banshee  
  163  10:20  Hellion x4  
  171  10:26  Cyclone  
  174  10:34  Armory  
  174  10:42  Cyclone x2  
  180  10:44  Hellion x3  
  186  10:53  Banshee  
  186  11:02  Cyclone, Command Center  
  169  11:14  Cyclone  
  161  11:38  Hellion, Cyclone x2  
  161  11:39  Hellion x2, Banshee  
  173  11:45  Planetary Fortress  
  173  11:46  Siege Tank  
  176  12:00  Refinery x2  
  176  12:01  Hellion x2  
  178  12:02  Hellion x2  
  178  12:08  Supply Depot  
  182  12:10  Siege Tank  
  182  12:11  Supply Depot  
  182  12:13  Cyclone  
  188  12:18  Cyclone  
  188  12:22  Hellion, Banshee  
  198  12:30  Hellion x2  
  192  12:51  Cyclone  
  192  12:52  Hellion x2  
  199  13:06  SCV  
Show
View Real Time Build Order
Export as new Build Order

BabySwiss Zerg 

Build Orders: Hatch First 

Get SALT Encoding   

  12  0:00  Drone  
  13  0:13  Overlord  
  13  0:16  Drone  
  14  0:31  Drone x2  
  16  0:48  Hatchery  
  15  0:50  Drone  
  16  1:05  Spawning Pool  
  16  1:09  Extractor  
  16  1:10  Drone  
  15  1:14  Drone  
  15  1:18  Drone  
  17  1:21  Drone  
  18  1:33  Drone  
  19  1:52  Queen  
  19  1:54  Zergling x2  
  22  1:56  Overlord  
  22  2:02  Queen  
  22  2:05  Drone  
  25  2:09  Drone  
  25  2:15  Metabolic Boost  
  26  2:32  Spore Crawler  
  26  2:41  Hatchery  
  25  2:49  Drone x4  
  25  2:50  Drone  
  30  3:00  Drone x2  
  32  3:06  Drone, Baneling Nest  
  32  3:09  Drone  
  32  3:10  Drone  
  34  3:13  Drone  
  34  3:18  Overlord  
  35  3:23  Overlord  
  35  3:28  Zergling x2  
  35  3:30  Overlord  
  36  3:55  Drone  
  36  3:56  Drone x6  
  36  3:59  Extractor  
  36  4:01  Roach Warren, Extractor  
  39  4:06  Evolution Chamber  
  39  4:07  Evolution Chamber  
  39  4:08  Drone  
  39  4:09  Drone x2, Evolution Chamber  
  38  4:17  Zergling x2  
  41  4:28  Queen  
  43  4:32  Queen  
  43  4:37  Lair  
  43  4:45  Zerg Missile Weapons Level 1  
  43  4:46  Roach  
  43  4:47  Roach x2  
  43  4:48  Roach  
  43  4:50  Drone  
  52  4:56  Baneling x3  
  52  5:00  Overlord  
  52  5:01  Overlord  
  52  5:10  Drone  
  52  5:11  Drone x4  
  57  5:19  Overlord  
  57  5:20  Drone x2  
  60  5:21  Drone  
  60  5:24  Drone  
  60  5:25  Drone  
  60  5:45  Roach x5  
  60  5:46  Roach  
  60  5:49  Roach  
  76  5:56  Overlord x2  
  74  6:03  Roach  
  73  6:12  Ravager  
  73  6:17  Hatchery  
  72  6:27  Ravager  
  72  6:29  Ravager  
  72  6:30  Ravager  
  70  7:09  Drone  
  70  7:10  Drone x5  
  76  7:26  Drone  
  76  7:27  Drone  
  76  7:29  Queen  
  80  7:30  Drone  
  80  7:35  Hatchery  
  80  7:38  Hydralisk Den  
  80  7:39  Drone x2, Spire  
  80  7:42  Extractor  
  79  7:44  Extractor  
  79  7:47  Hatchery  
  76  7:56  Spore Crawler  
  76  7:57  Spore Crawler  
  70  7:59  Overseer  
  70  8:01  Drone x4  
  70  8:02  Drone x2  
  72  8:11  Drone x3  
  70  8:22  Drone x3  
  71  8:31  Drone x2  
  71  8:32  Drone  
  71  8:45  Hydralisk  
  71  8:46  Hydralisk x3  
  79  8:48  Muscular Augments  
  79  8:51  Overlord x2  
  79  8:52  Overlord  
  79  9:00  Zerg Missile Weapons Level 2  
  79  9:01  Zerg Ground Armor Level 1  
  79  9:02  Drone x2  
  81  9:03  Drone x3  
  81  9:04  Queen  
  81  9:05  Queen  
  81  9:09  Hydralisk  
  88  9:10  Hydralisk x3  
  88  9:11  Zergling x2  
  88  9:12  Zergling x6  
  99  9:25  Hydralisk  
  99  9:26  Hydralisk x4  
  109  9:32  Baneling  
  109  9:33  Baneling  
  109  9:34  Baneling x6  
  109  9:39  Drone x3  
  109  9:41  Drone x2  
  109  9:42  Drone  
  115  9:52  Grooved Spines  
  113  9:55  Spore Crawler  
  113  9:56  Pneumatized Carapace  
  101  10:14  Roach  
  101  10:15  Roach x7, Zergling x2  
  101  10:16  Zergling x16  
  124  10:22  Drone x2  
  124  10:25  Overlord x2  
  123  11:00  Drone x3  
  123  11:01  Drone x10  
  128  11:12  Overlord  
  128  11:13  Overlord x7  
  128  11:32  Zergling x2  
  122  11:33  Zergling x18  
  122  11:56  Queen x2  
  122  11:57  Hatchery, Queen x2  
  129  12:04  Zergling x2  
  129  12:05  Zergling x18  
  129  12:06  Baneling  
  129  12:07  Baneling x2  
  130  12:37  Hatchery  
  110  13:09  Extractor  
  110  13:11  Extractor  
  108  13:19  Drone, Spore Crawler  
  108  13:20  Drone x11  
  100  13:36  Hatchery  
Tags
 
Add a new tag
Caveats
  • Supply blocks, unpowered buildings, or Contaminate may cause inaccurate times.
  • Supply counts are checked every 10 seconds.